 Dungeon Crawl Stone Soup version 0.30-a0-571-gdf30a72648 (webtiles) character file.

Game seed: 2495679126485425050

10245 arthad the Thaumaturge (level 11, -6/84 HPs)
             Began as a Gnoll Hedge Wizard on Dec 30, 2022.
             Was a Priest of Vehumet.
             Shot with an arrow by a centaur warrior (14 damage)
             ... on level 8 of the Dungeon.
             The game lasted 00:42:00 (12948 turns).

arthad the Thaumaturge (Gnoll Hedge Wizard)        Turns: 12948, Time: 00:42:01

Health: -6/84      AC: 11    Str: 11    XL:     11   Next: 59%
Magic:  25/25      EV: 14    Int: 17    God:    Vehumet [***...]
Gold:   887        SH:  0    Dex: 11    Spells: 14/30 levels left

rFire   + . .      SeeInvis .    A - +7 shortbow of the Shallot {elec, rF+ rN+}
rCold   . . .      Faith    .    (shield currently unavailable)
rNeg    + . .      Spirit   .    f - +0 acid dragon scales
rPois   .          Reflect  .    q - +0 helmet
rElec   .          Harm     .    (no cloak)
rCorr   +          Rampage  .    u - +0 pair of gloves
Will    .....                    z - +0 pair of boots
Stlth   +++                      (no amulet)
HPRegen 0.34/turn                (no ring)
MPRegen 0.19/turn                (no ring)

@: no status effects
A: fangs 1, strong nose, distributed training
a: Renounce Religion


You were on level 8 of the Dungeon.
You worshipped Vehumet.
Vehumet was most pleased with you.
You visited 2 branches of the dungeon, and saw 10 of its levels.
You also visited: Bailey.

You collected 887 gold pieces.

Inventory:

Hand Weapons
 a - a +0 dagger
 i - a +0 dagger of electrocution
 j - a +3 hand axe of venom
 k - a +2 dagger of venom
 l - a +0 battleaxe
 v - a +1 hand axe of venom
 x - the +9 flail of the Exiled Brambles {drain, rCorr Int+4}
   (You took it off a spriggan in a bailey)

   A truly terrible weapon, it drains the life of any living foe it strikes.
   Int:       It affects your intelligence (+4).
   rCorr:     It protects you from acid and corrosion.
 A - the +7 shortbow of the Shallot (weapon) {elec, rF+ rN+}
   (You took it off a spriggan in a bailey)

   Any ammunition fired from it occasionally discharges a powerful burst of
   electricity upon striking a foe.
   rF:        It protects you from fire.
   rN:        It protects you from negative energy.
 G - a +1 flail of holy wrath
Missiles
 c - 11 poisoned darts
Armour
 f - +0 acid dragon scales (worn)
 p - a +1 animal skin
 q - a +0 helmet (worn)
 u - a +0 pair of gloves (worn)
 z - a +0 pair of boots (worn)
 C - +0 steam dragon scales
Magical Staves
 b - a staff of death
 y - a staff of cold
 I - a staff of air
Wands
 e - a wand of polymorph (2)
 J - a wand of flame (23)
Scrolls
 h - 4 scrolls of fog
 n - 3 scrolls of silence
 o - 2 scrolls of fear
 r - 3 scrolls of vulnerability
 s - a scroll of teleportation
 B - a scroll of amnesia
 D - a scroll of blinking {unknown}
 E - 2 scrolls of enchant armour {unknown}
Potions
 d - a potion of magic
 g - 5 potions of brilliance
 t - 3 potions of flight
 w - a potion of lignification
 F - a potion of invisibility {unknown}
 H - a potion of haste


   Skills:
 + Level 7.0 Fighting
 + Level 7.0 Short Blades
 + Level 7.0 Long Blades
 + Level 7.0 Axes
 + Level 7.0 Maces & Flails
 + Level 7.0 Polearms
 + Level 7.0 Staves
 + Level 7.0 Ranged Weapons
 + Level 7.0 Throwing
 + Level 7.0 Armour
 + Level 8.4 Dodging
 + Level 8.2 Stealth
 + Level 7.0 Shields
 + Level 7.0 Unarmed Combat
 + Level 10.0 Spellcasting
 + Level 6.2 Conjurations
 + Level 5.8 Hexes
 + Level 6.2 Summonings
 + Level 5.8 Necromancy
 + Level 6.2 Translocations
 + Level 5.8 Transmutations
 + Level 5.8 Fire Magic
 + Level 5.8 Ice Magic
 + Level 5.8 Air Magic
 + Level 5.8 Earth Magic
 + Level 5.8 Poison Magic
 + Level 7.6 Invocations
 + Level 7.0 Evocations


You had 14 spell levels left.
You knew the following spells:

 Your Spells              Type           Power      Damage    Failure   Level
a - Magic Dart            Conj           100%       1d8       1%          1
b - Blink                 Tloc           58%        N/A       1%          2
c - Call Imp              Summ           29%        N/A       1%          2
d - Mephitic Cloud        Conj/Pois/Air  28%        N/A       1%          3
e - Sublimation of Blood  Necr           28%        N/A       1%          2
f - Vampiric Draining     Necr           28%        2d8       3%          3
g - Hailstorm             Conj/Ice       29%        3d8       1%          3

Your spell library contained the following spells:

 Spells                   Type           Power      Damage    Failure   Level
 Slow                     Hex            100%       N/A       1%          1
 Cigotuvi's Dreadful Rot  Necr/Pois/Air  56%        N/A       1%          2
 Ensorcelled Hibernation  Hex/Ice        56%        N/A       1%          2
 Passwall                 Tmut/Erth      23%        N/A       1%          2
 Call Canine Familiar     Summ           29%        N/A       2%          3
 Confusing Touch          Hex            28%        N/A       3%          3
 Portal Projectile        Hex/Tloc       58%        N/A       3%          3
 Swiftness                Air            28%        N/A       3%          3
 Irradiate                Conj/Tmut      14%        3d16      8%          5
 Leda's Liquefaction      Hex/Erth       14%        N/A       12%         4
 Petrify                  Tmut/Erth      28%        N/A       12%         4


Dungeon Overview and Level Annotations

Branches:
Dungeon (9/15)             Temple (1/1) D:5          Bailey (visited)
   Lair: D:8-11         Orc: D:9-12

Altars:
Ashenzari
Cheibriados
Dithmenos
Elyvilon
Fedhas
Gozag
Hepliaklqana
Kikubaaqudgha
Nemelex Xobeh
Okawaru
Qazlal
Ru
Sif Muna
Trog
Vehumet
Wu Jian
Xom
Yredelemnul
Zin
The Shining One

Shops:
D:1 =


Innate Abilities, Weirdness & Mutations

You have very sharp teeth.
Your uncanny sense of smell can sniff out nearby items.
Your experience applies equally to all skills.


Message History

The killer bee is severely wounded.
You feel sick. The killer bee closely misses you.
The killer bee completely misses you.
The killer bee stings you but does no damage.
You shoot an arrow. The arrow hits the killer bee!
Lightning courses through the killer bee!!
You kill the killer bee!
Vehumet accepts your kill.
You feel sick.
No target in view!
You feel sick.
You feel sick.
You feel sick.
You feel sick.
You are no longer poisoned.
HP restored.
Done exploring.
Done exploring.
You see here a +0 whip.
There is a stone staircase leading up here.
There is a stone staircase leading down here.
You climb downwards.
There is a stone staircase leading up here.
A centaur warrior is nearby!
A centaur and a wraith come into view.
The centaur warrior shouts!
The centaur warrior wields a +0 shortbow.
The centaur warrior shoots an arrow.
The arrow hits you!
The centaur warrior shouts!
The centaur warrior shoots an arrow.
The arrow hits you!
The centaur warrior wields a +0 shortbow.
The centaur warrior shoots an arrow.
The arrow hits you!
The centaur warrior shoots an arrow.
The arrow hits you!
The centaur warrior shoots an arrow.
The arrow hits you!
* * * LOW HITPOINT WARNING * * *
The centaur warrior shoots an arrow.
The arrow barely misses you.
The centaur warrior shoots an arrow.
The arrow hits you!
* * * LOW HITPOINT WARNING * * *
The centaur warrior shoots an arrow.
The arrow hits you!
You die...

#..# .... #..#..$$!..#
#..#..$:$..# #########
#..#..?$(..# #.......#
#..#.......# #.#####.#
#..#...... # #####.#####.#
#..####c####..#
...##.......#
#........c...c#
...##.......#
#<@.....cW....#
...##.......#
###############
......#...#.##############
...##.#.#.#.#............#
............>..######.#.##
..........#....# #.#)#
#######.#......#### #.#.#
#.....#.......# #.#.#
###.#.#.#..####.# #.#.#


You could see 2 centaur warriors, a wraith and a centaur.

Vanquished Creatures
  A two-headed ogre (Bailey)
  Psyche (D:8)
  3 spriggans (Bailey)
  A wyvern (D:6)
  3 yaks (D:8)
  2 steam dragons (D:7)
  Menkaure (D:6)
  2 acid dragons
  4 ice beasts
  Duvessa (D:6)
  2 sky beasts
  2 black bears
  An orc warrior (D:7)
  6 ogres
  2 centaurs
  A phantom (D:5)
  3 bullfrogs
  A necrophage (D:6)
  3 gnoll sergeants
  2 wyvern zombies (D:6)
  3 wights (D:6)
  Dowan (D:6)
  10 killer bees
  A howler monkey (D:8)
  A centaur zombie (D:6)
  3 bullfrog zombies (D:6)
  4 hounds (D:5)
  3 jellies
  An orc priest (D:9)
  A gnoll bouda (D:6)
  7 iguanas
  5 orc wizards
  Robin (D:2)
  14 gnolls
  9 adders
  A shadow imp (D:6)
  2 white imps
  4 dart slugs
  31 orcs
  7 bats
  5 endoplasms
  3 giant cockroaches
  14 goblins
  9 hobgoblins
  13 jackals
  5 kobolds
  4 quokkas
  9 ball pythons
  2 frilled lizards (D:3)
  8 rats
223 creatures vanquished.

Vanquished Creatures (collateral kills)
  Sigmund (D:3)
  A black bear (D:4)
  A scorpion (D:4)
  A jelly (D:7)
  An orc wizard (D:7)
  An orc (D:7)
6 creatures vanquished.

Vanquished Creatures (others)
  37 plants (D:3)
37 creatures vanquished.

Grand Total: 266 creatures vanquished

Notes
Turn   | Place    | Note
-------+----------+-------------------------------------------
     0 | D:1      | arthad the Gnoll Hedge Wizard began the quest for the Orb.
     0 | D:1      | Reached XP level 1. HP: 13/13 MP: 8/8
   299 | D:1      | Reached XP level 2. HP: 19/19 MP: 7/10
   893 | D:1      | Reached XP level 3. HP: 25/25 MP: 8/11
   982 | D:1      | Found Poogofung's Jewellery Shop.
  1367 | D:2      | Reached skill level 1 in Invocations
  1495 | D:2      | Reached skill level 1 in Fighting
  1495 | D:2      | Reached skill level 1 in Short Blades
  1495 | D:2      | Reached skill level 1 in Long Blades
  1495 | D:2      | Reached skill level 1 in Axes
  1495 | D:2      | Reached skill level 1 in Maces & Flails
  1495 | D:2      | Reached skill level 1 in Polearms
  1495 | D:2      | Reached skill level 1 in Staves
  1495 | D:2      | Reached skill level 1 in Ranged Weapons
  1495 | D:2      | Reached skill level 1 in Throwing
  1495 | D:2      | Reached skill level 1 in Armour
  1495 | D:2      | Reached skill level 1 in Shields
  1495 | D:2      | Reached skill level 1 in Unarmed Combat
  1495 | D:2      | Reached skill level 1 in Evocations
  1537 | D:2      | Learned a level 2 spell: Blink
  1540 | D:2      | Learned a level 2 spell: Call Imp
  1544 | D:2      | Learned a level 3 spell: Mephitic Cloud
  1730 | D:2      | Noticed Robin
  1742 | D:2      | Killed Robin
  1743 | D:2      | Reached XP level 4. HP: 23/32 MP: 0/13
  2041 | D:2      | Reached skill level 1 in Hexes
  2041 | D:2      | Reached skill level 1 in Necromancy
  2041 | D:2      | Reached skill level 1 in Transmutations
  2041 | D:2      | Reached skill level 1 in Fire Magic
  2041 | D:2      | Reached skill level 1 in Ice Magic
  2041 | D:2      | Reached skill level 1 in Air Magic
  2041 | D:2      | Reached skill level 1 in Earth Magic
  2041 | D:2      | Reached skill level 1 in Poison Magic
  2916 | D:3      | Found an iron altar of Okawaru.
  3180 | D:3      | Reached XP level 5. HP: 37/37 MP: 9/14
  3271 | D:3      | Noticed Sigmund
  3283 | D:3      | Killed Sigmund
  3284 | D:3      | Reached skill level 5 in Dodging
  3284 | D:3      | Reached XP level 6. HP: 18/44 MP: 5/16
  4204 | D:4      | Noticed a black bear
  4227 | D:4      | Killed a black bear
  4228 | D:4      | Reached XP level 7. HP: 25/50 MP: 2/18
  4859 | D:4      | Reached skill level 5 in Stealth
  5529 | D:5      | Entered Level 5 of the Dungeon
  6025 | D:5      | Found a staircase to the Ecumenical Temple.
  6032 | Temple   | Entered the Ecumenical Temple
  6224 | Temple   | Became a worshipper of Vehumet
  6510 | D:5      | Reached XP level 8. HP: 55/58 MP: 10/19
  7147 | D:5      | Reached skill level 8 in Spellcasting
  7815 | D:6      | Noticed Duvessa
  7815 | D:6      | Noticed Dowan
  7827 | D:6      | Killed Duvessa
  7830 | D:6      | Killed Dowan
  7834 | D:6      | Reached XP level 9. HP: 56/65 MP: 12/21
  7931 | D:6      | Reached * piety under Vehumet
  7931 | D:6      | Offered knowledge of Shock by Vehumet.
  8892 | D:6      | Found a basalt altar of Yredelemnul.
  9314 | D:6      | Reached skill level 5 in Invocations
  9414 | D:6      | Noticed Menkaure
  9423 | D:6      | Killed Menkaure
  9711 | D:6      | Found an opulent altar of Gozag.
  9832 | D:6      | Found a sparkling altar of Nemelex Xobeh.
 10477 | D:7      | Found a shadowy altar of Dithmenos.
 10492 | D:7      | Reached skill level 5 in Fighting
 10492 | D:7      | Reached skill level 5 in Short Blades
 10492 | D:7      | Reached skill level 5 in Long Blades
 10492 | D:7      | Reached skill level 5 in Axes
 10492 | D:7      | Reached skill level 5 in Maces & Flails
 10492 | D:7      | Reached skill level 5 in Polearms
 10492 | D:7      | Reached skill level 5 in Staves
 10492 | D:7      | Reached skill level 5 in Ranged Weapons
 10492 | D:7      | Reached skill level 5 in Throwing
 10492 | D:7      | Reached skill level 5 in Armour
 10492 | D:7      | Reached skill level 5 in Shields
 10492 | D:7      | Reached skill level 5 in Unarmed Combat
 10492 | D:7      | Reached skill level 5 in Evocations
 10492 | D:7      | Reached XP level 10. HP: 40/74 MP: 16/22
 10947 | D:8      | Noticed a centaur warrior
 10951 | D:8      | Noticed a centaur warrior
 10994 | D:8      | Reached skill level 9 in Spellcasting
 10994 | D:8      | Reached skill level 5 in Conjurations
 10994 | D:8      | Reached skill level 5 in Hexes
 10994 | D:8      | Reached skill level 5 in Summonings
 10994 | D:8      | Reached skill level 5 in Necromancy
 10994 | D:8      | Reached skill level 5 in Translocations
 10994 | D:8      | Reached skill level 5 in Transmutations
 10994 | D:8      | Reached skill level 5 in Fire Magic
 10994 | D:8      | Reached skill level 5 in Ice Magic
 10994 | D:8      | Reached skill level 5 in Air Magic
 10994 | D:8      | Reached skill level 5 in Earth Magic
 10994 | D:8      | Reached skill level 5 in Poison Magic
 10994 | D:8      | Reached XP level 11. HP: 83/83 MP: 22/24
 10998 | D:8      | Learned a level 2 spell: Sublimation of Blood
 11002 | D:8      | Learned a level 3 spell: Vampiric Draining
 11045 | D:8      | You fall into a shaft and drop 1 floor!
 11215 | D:9      | Reached ** piety under Vehumet
 11215 | D:9      | Offered knowledge of Kiss of Death by Vehumet.
 11256 | D:9      | Found a flagged portal.
 11274 | Bailey   | Entered a bailey
 11514 | Bailey   | Identified the +7 shortbow of the Shallot {elec, rF+ rN+}
 11543 | Bailey   | Noticed a two-headed ogre
 11558 | Bailey   | Killed a two-headed ogre
 11823 | Bailey   | Identified the +9 flail of the Exiled Brambles {drain,
                  | rCorr Int+4}
 12105 | D:8      | Offered knowledge of Hailstorm by Vehumet.
 12110 | D:8      | Learned a level 3 spell: Hailstorm
 12374 | D:8      | Noticed Psyche
 12385 | D:8      | Killed Psyche
 12386 | D:8      | Reached skill level 10 in Spellcasting
 12481 | D:8      | Reached *** piety under Vehumet
 12948 | D:8      | Shot with an arrow by a centaur warrior

Illustrated notes

Levels and vault maps discovered:
D:1:      reono_arrival_forest_river, layout_basic, serial_shops, shop
D:2:      layout_basic, uniq_robin
D:3:      layout_loops_ring, mainiacjoe_overflow_brackets,
          serial_bayou_lagoon_a, serial_bayou_ford_a, minmay_between,
          uniq_sigmund
D:4:      cheibrodos_barr_body, layout_basic, minmay_misc_feat_columns
D:5:      minmay_polygon_palace, layout_loops_ring, minmay_temple_entry_tees
D:6:      layout_rooms, nicolae_yredelemnul_corpse_copse, marbit_many_paths,
          lemuel_coloured_pillars_altar, serial_glass, glass_columns_a,
          glass_columns_c, glass_columns_a, glass_columns_a, glass_columns_b,
          glass_columns_c, glass_columns_b, glass_columns_b, glass_columns_b,
          glass_columns_a, glass_columns_c, glass_columns_c, glass_columns_b,
          glass_columns_c, due_unseen_surprise, item_on_display_a,
          minmay_strange_pillars, uniq_menkaure, uniq_duvessa
D:7:      layout_rooms, nicolae_dithmenos_shadow_blocks,
          kennysheep_generic_room_11
D:8:      cheibrodos_elevator_heist, layout_basic, david_lair_generic,
          uniq_psyche
D:9:      layout_roguey [special_room_orc], orc_0_dummy, enter_bailey_5
Temple:   bh_familiar_temple

Skill      XL: |  1  2  3  4  5  6  7  8  9 10 11 |
---------------+----------------------------------+-----
Conjurations   | 2 3 4 5 6 |  6.2
Summonings     | 2 3 4 5 6 |  6.2
Translocations | 2 3 4 5 6 |  6.2
Invocations    | 1 2 3 4 5 7 |  7.6
Fighting       | 1 2 3 5 6 7 |  7.0
Short Blades   | 1 2 3 5 6 7 |  7.0
Long Blades    | 1 2 3 5 6 7 |  7.0
Axes           | 1 2 3 5 6 7 |  7.0
Maces & Flails | 1 2 3 5 6 7 |  7.0
Polearms       | 1 2 3 5 6 7 |  7.0
Staves         | 1 2 3 5 6 7 |  7.0
Ranged Weapons | 1 2 3 5 6 7 |  7.0
Throwing       | 1 2 3 5 6 7 |  7.0
Armour         | 1 2 3 5 6 7 |  7.0
Shields        | 1 2 3 5 6 7 |  7.0
Unarmed Combat | 1 2 3 5 6 7 |  7.0
Evocations     | 1 2 3 5 6 7 |  7.0
Hexes          | 1 2 3 4 5 |  5.8
Necromancy     | 1 2 3 4 5 |  5.8
Transmutations | 1 2 3 4 5 |  5.8
Fire Magic     | 1 2 3 4 5 |  5.8
Ice Magic      | 1 2 3 4 5 |  5.8
Air Magic      | 1 2 3 4 5 |  5.8
Earth Magic    | 1 2 3 4 5 |  5.8
Poison Magic   | 1 2 3 4 5 |  5.8
Dodging        | 5 6 8 |  8.4
Stealth        | 5 6 7 8 |  8.2
Spellcasting   | 8 9 10 | 10.0

Action                   |  1- 3 |  4- 6 |  7- 9 | 10-12 || total
-------------------------+-------+-------+-------+-------++-------
Melee: Dagger            |     9 |    15 |       |       ||    24
       Bite              |     1 |     2 |    21 |     5 ||    29
       Hand axe          |       |       |   153 |    36 ||   189
       Punch             |       |       |     5 |     2 ||     7
       Unarmed           |       |       |       |     9 ||     9
 Fire: Shortbow          |       |       |       |    97 ||    97
Throw: Dart              |       |       |     4 |     2 ||     6
 Cast: Magic Dart        |    96 |   130 |   429 |    89 ||   744
       Call Imp          |       |     4 |     6 |     3 ||    13
       Blink             |       |     2 |     2 |       ||     4
       Mephitic Cloud    |       |       |     9 |     1 ||    10
       Vampiric Draining |       |       |       |     8 ||     8
Evoke: Wand              |       |       |     2 |     1 ||     3
  Use: Potion            |       |     3 |     4 |     3 ||    10
       Scroll            |       |       |     5 |    11 ||    16
 Stab: Confused          |       |       |     2 |       ||     2
Armor: Robe              |     2 |     1 |       |       ||     3
       Animal skin       |       |    13 |    75 |     3 ||    91
       Acid dragon scale |       |       |       |    40 ||    40
       Steam dragon scal |       |       |       |    17 ||    17
       Skin              |       |       |       |     2 ||     2
Dodge: Dodged            |    15 |    46 |   232 |   161 ||   454

Table legend: (Time is in decaauts)
 A = Elapsed time spent in this place.
 B = Non-inter-level travel time spent in this place.
 C = Inter-level travel time spent in this place.
 D = Time resting spent in this place.
 E = Time spent auto-exploring this place.
 F = Levels seen in this place.
 G = Mean time per level.
                   A        B        C        D        E       F      G
               +--------+--------+--------+--------+--------+-----+--------+
         Total |  12994 |  12528 |    466 |   2164 |   8044 |  11 | 1181.3 |
       Dungeon |  12093 |  11697 |    396 |   1820 |   7755 |   9 | 1343.7 |
        Temple |    227 |    157 |     70 |      0 |    149 |   1 |  227.0 |
        Bailey |    673 |    673 |      0 |    344 |    140 |   1 |  673.0 |
               +--------+--------+--------+--------+--------+-----+--------+

Top non-repeatable levels by time:
     D:6: 2453 daAuts
     D:5: 2063 daAuts
     D:4: 1850 daAuts
     D:3: 1259 daAuts
     D:2: 1250 daAuts
     D:1: 1171 daAuts
     D:7: 1026 daAuts
     D:8: 754 daAuts
  Bailey: 673 daAuts
     D:9: 262 daAuts
  Temple: 227 daAuts
